 Dungeon Crawl Stone Soup version 0.29-a0-414-g5075937ec3 (webtiles) character file.

Game seed: 16947388509666802863

79 CannotBeFrozen the Skirmisher (level 3, -7/33 HPs)
             Began as a Demigod Gladiator on Apr 22, 2022.
             Mangled by an ogre
             ... wielding a +0 giant club
              (27 damage)
             ... on level 3 of the Dungeon on May 15, 2022.
             The game lasted 00:10:13 (2339 turns).

CannotBeFrozen the Skirmisher (Demigod Gladiator)   Turns: 2339, Time: 00:10:13

Health: -7/33      AC:  4    Str: 19    XL:     3   Next: 97%
Magic:  5/5        EV: 12    Int: 10    God:
Gold:   91         SH:  0    Dex: 15    Spells: 2/2 levels left

rFire   . . .      SeeInvis .   a - +0 long sword
rCold   . . .      Faith    .   (no shield)
rNeg    . . .      Spirit   .   b - +0 leather armour
rPois   .          Reflect  .   c - +0 helmet
rElec   .          Harm     .   (no cloak)
rCorr   .          Rampage  .   (no gloves)
Will    .....                   (no boots)
Stlth   +.........              (no amulet)
HPRegen 0.11/turn               m - ring of flight
MPRegen 0.09/turn               (no ring)

@: flying
A: high MP 1, forlorn, divine attributes
a: no special abilities


You were on level 3 of the Dungeon.
You visited 1 branch of the dungeon, and saw 3 of its levels.

You collected 91 gold pieces.

Inventory:

Hand Weapons
 a - a +0 long sword (weapon)
Missiles
 d - 3 throwing nets {=f =F}
 e - a javelin
 i - 2 atropa-tipped darts (quivered) {=f =F}
 l - 42 stones
Armour
 b - a +0 leather armour (worn)
 c - a +0 helmet (worn)
Jewellery
 m - a ring of flight (left hand)
Scrolls
 f - a scroll of immolation {unknown}
 g - a scroll of teleportation {unknown}
 j - a scroll of summoning {unknown}
 o - a scroll of fear {unknown}
 r - a scroll of blinking {unknown}
 s - a scroll of identify {unknown}
Potions
 h - 2 potions of curing {unknown}
 k - a potion of resistance {unknown}
 n - a potion of haste {unknown}
 p - a potion of ambrosia {unknown}
 q - a potion of magic {unknown}


   Skills:
 + Level 4.1 Fighting
 - Level 2.6 Long Blades
 - Level 1.7 Throwing
 - Level 2.6 Dodging


You had 2 spell levels left.
You didn't know any spells.
Your spell library contained the following spells:

 Spells                   Type           Power      Damage    Failure   Level
 Apportation              Tloc           0%         N/A       41%         1
 Corpse Rot               Necr/Air       0%         N/A       56%         2
 Poisonous Vapours        Pois/Air       0%         N/A       56%         2
 Alistair's Intoxication  Tmut/Pois      0%         N/A       100%        5


Dungeon Overview and Level Annotations

Branches:
Dungeon (3/15)


Innate Abilities, Weirdness & Mutations

You have an increased reservoir of magic. (+10% MP)
You shall have no god before yourself.
Your divine heritage dramatically boosts your attributes as you level up.


Message History

Found a stone staircase leading up.
You now have 91 gold pieces (gained 11).
Found a leather armour.
Found a dagger.
Terence the Incautious comes into view.
He is wielding a +0 flail.
Found a stone staircase leading down.
Terence shouts!
Okay, then.
Okay, then.
Throw: 3 darts (atropa) {=f =F}
Press: ? - help, Q - select action, (/) - cycle Shift-Dir - straight line, f - Terence
Aim: Terence, wielding a +0 flail and wearing a +0 scale mail (64% to hit, chance to blind on hit: 100%)
You throw an atropa-tipped dart {=f =F}.
The atropa-tipped dart {=f =F} hits Terence.
Terence appears confused.
Terence seems less confused.
An ogre comes into view. It is wielding a +0 giant club.
Terence closely misses you.
The ogre shouts!
You hit Terence.
Terence is moderately wounded.
Terence is no longer blind.
Terence barely misses you. x2
You barely miss Terence.
Terence is moderately wounded.
Terence hits you with a +0 flail.
HP: 29/33 (-4) ==========-- !
You slash Terence!
Terence is severely wounded.
Terence barely misses you.
You hit Terence.
Terence is almost dead.
Terence hits you with a +0 flail.
Terence shouts, "Get ready for death!"
Terence hits you with a +0 flail!
HP: 20/33 (-9) =======----- !!
You slash Terence!
You kill Terence!
The ogre hits you with a +0 giant club!!
Ouch! That really hurt!
You die...

#........###.#..##.#
#.##.#######.#..##.#
#.##............##.#
#.##########.##.#
#.# #..[....# #.#
#.##.#### #.#
#.#...## #.#
#....#.### #.#
#.##@...>#
.......)O...#
.###.##.)...... #
#(....... ......#..
#.##### . #.# ..#


You could see an ogre.

Vanquished Creatures
  Terence (D:3)
  3 gnolls
  An adder (D:3)
  3 dart slugs (D:1)
  3 endoplasms
  A giant cockroach (D:2)
  4 goblins
  2 hobgoblins
  A kobold (D:1)
  3 quokkas
  6 ball pythons
  4 bats
  2 frilled lizards (D:1)
  4 rats
38 creatures vanquished.

Notes
Turn   | Place    | Note
-------+----------+-------------------------------------------
     0 | D:1      | CannotBeFrozen the Demigod Gladiator began the quest for
                  | the Orb.
     0 | D:1      | Reached XP level 1. HP: 17/17 MP: 3/3
    69 | D:1      | Reached skill level 2 in Fighting
   160 | D:1      | Reached XP level 2. HP: 23/25 MP: 4/4
   289 | D:1      | Reached skill level 3 in Fighting
   801 | D:2      | Upgraded the game from 0.29-a0-344-ge2f44be95a to
                  | 0.29-a0-378-gc08b2e8bf8
  1171 | D:2      | Reached XP level 3. HP: 31/31 MP: 5/5
  1940 | D:2      | Noticed a smoke demon
  2131 | D:3      | Upgraded the game from 0.29-a0-378-gc08b2e8bf8 to
                  | 0.29-a0-414-g5075937ec3
  2144 | D:3      | Reached skill level 4 in Fighting
  2330 | D:3      | Noticed Terence
  2334 | D:3      | Noticed an ogre
  2339 | D:3      | Killed Terence
  2339 | D:3      | Mangled by an ogre

Illustrated notes

Levels and vault maps discovered:
D:1:      lightli_arrival_noodles, layout_rooms, chequers_big_river
D:2:      layout_loops_ring, dreamdust_ecumenical_altar_sealed_demon,
          st_stairs_7, minmay_misc_feat_hallway
D:3:      cheibrodos_thug_alley, layout_loops_ring, uniq_terence, uniq_sigmund

Skill      XL: |  1  2  3 |
---------------+----------+-----
Fighting       | 2 3 4 |  4.1
Long Blades    | |  2.6
Throwing       | |  1.7
Dodging        | |  2.6

Action                   || total
-------------------------++-------
Melee: Long sword        ||   114
Throw: Dart              ||     1
Armor: Leather armour    ||    42
Dodge: Dodged            ||    69

Table legend: (Time is in decaauts)
 A = Elapsed time spent in this place.
 B = Non-inter-level travel time spent in this place.
 C = Inter-level travel time spent in this place.
 D = Time resting spent in this place.
 E = Time spent auto-exploring this place.
 F = Levels seen in this place.
 G = Mean time per level.
                   A        B        C        D        E       F      G
               +--------+--------+--------+--------+--------+-----+--------+
         Total |   2373 |   2199 |    174 |    561 |    871 |   3 |  791.0 |
       Dungeon |   2373 |   2199 |    174 |    561 |    871 |   3 |  791.0 |
               +--------+--------+--------+--------+--------+-----+--------+

Top non-repeatable levels by time:
     D:2: 1300 daAuts
     D:1: 859 daAuts
     D:3: 213 daAuts
